 Dungeon Crawl Stone Soup version 0.28.0-53-g5a82cb258f (webtiles) character file.

Game seed: 2603201825836331482

19245 Peloso the Carver (level 12, -9/112 HPs)
             Began as a Minotaur Fighter on June 2, 2022.
             Was a High Priest of Okawaru.
             Killed from afar by an oklob plant (14 damage)
             ... with a splash of acid
             ... on level 10 of the Dungeon.
             The game lasted 00:34:08 (17330 turns).

Peloso the Carver (Minotaur Fighter)               Turns: 17330, Time: 00:34:08

Health: -9/112     AC:  4    Str: 24    XL:     12   Next: 34%
Magic:  12/12      EV:  8    Int:  0    God:    Okawaru [*****.]
Gold:   914        SH: 11    Dex: 12    Spells: 11/11 levels left

rFire   . . .      SeeInvis .   O - +3 hand axe of Evolution {elec, +Blink rCorr Int-5}
rCold   . . .      Faith    .   c - +0 buckler
rNeg    . . .      Spirit   .   D - +0 plate armour
rPois   .          Reflect  +   (helmet restricted)
rElec   .          Harm     .   f - +0 cloak
rCorr   +          Rampage  .   J - +1 pair of gloves
Will    .....                   e - +0 pair of boots
Stlth   ..........              p - amulet of reflection
HPRegen 0.28/turn               (no ring)
MPRegen 0.13/turn               (no ring)

@: corroded, slowed, lost intelligence, unable to read, very slow
A: horns 2, retaliatory headbutt
a: Renounce Religion, Evoke Blink, Heroism, Finesse, Duel


You were on level 10 of the Dungeon.
You worshipped Okawaru.
Okawaru was extremely pleased with you.
You visited 2 branches of the dungeon, and saw 12 of its levels.
You also visited: Sewer.

You collected 914 gold pieces.

Inventory:

Hand Weapons
 a - a +4 scimitar of freezing
 b - a +0 scimitar of flaming
 u - a +0 vorpal hand crossbow
 O - the +3 hand axe of Evolution (weapon) {elec, +Blink rCorr Int-5}
   (You found it on level 3 of the Dungeon)

   It occasionally discharges a powerful burst of electricity upon striking a
   foe.
   Int:       It affects your intelligence (-5).
   +Blink:    It lets you blink.
   rCorr:     It protects you from acid and corrosion.
Missiles
 s - 2 throwing nets (quivered)
 v - 74 bolts
Armour
 c - a +0 buckler (worn)
 e - a +0 pair of boots (worn)
 f - a +0 cloak (worn)
 D - a +0 plate armour (worn)
 J - a +1 pair of gloves (worn)
Jewellery
 p - an amulet of reflection (around neck)
 B - an amulet of guardian spirit
Wands
 m - a wand of acid (11)
 E - a wand of iceblast (12)
 F - a wand of charming (8)
 I - a wand of flame (4)
 M - a wand of polymorph (1)
 N - a wand of paralysis (5)
Scrolls
 h - 4 scrolls of immolation
 i - 3 scrolls of fog
 k - 4 scrolls of teleportation {unknown}
 l - a scroll of acquirement
 n - 3 scrolls of noise
 r - 3 scrolls of enchant armour
 w - a scroll of fear
 y - 2 scrolls of enchant weapon {unknown}
 C - a scroll of summoning
 G - a scroll of silence
 K - a scroll of amnesia
Potions
 d - 2 potions of might
 g - 3 potions of curing {unknown}
 j - 3 potions of flight
 o - a potion of heal wounds
 q - a potion of ambrosia
 t - 2 potions of haste
 x - a potion of cancellation
 z - 2 potions of invisibility
 A - 3 potions of mutation
 H - a potion of resistance
 L - a potion of lignification {unknown}


   Skills:
 + Level 11.9 Fighting
 + Level 14.8 Long Blades
 + Level 11.1 Armour
 + Level 3.5 Dodging
 + Level 2.0 Stealth
 + Level 11.3 Shields
 + Level 1.6 Invocations
 + Level 1.6 Evocations


You had 11 spell levels left.
You didn't know any spells.
Your spell library contained the following spells:

 Spells                   Type           Power      Damage    Failure   Level
 Magic Dart               Conj           0%         1d3       100%        1
 Corpse Rot               Necr/Air       0%         N/A       100%        2
 Ignite Poison            Fire/Tmut/Pois 0%         N/A       100%        3
 Mephitic Cloud           Conj/Pois/Air  0%         N/A       100%        3
 Dispel Undead            Necr           0%         3d6       100%        4
 Passage of Golubria      Tloc           0%         N/A       100%        4
 Freezing Cloud           Conj/Ice/Air   0%         6-21      100%        5
 Yara's Violent Unravell  Hex/Tmut       0%         3d3       100%        5
 Summon Small Mammal      Summ           Unusable   N/A       N/A         1
 Call Imp                 Summ           Unusable   N/A       N/A         2
 Call Canine Familiar     Summ           Unusable   N/A       N/A         3
 Summon Guardian Golem    Hex/Summ       Unusable   N/A       N/A         3
 Tukima's Dance           Hex            Unusable   N/A       N/A         3
 Death Channel            Necr           Unusable   N/A       N/A         6

Dungeon Overview and Level Annotations

Branches:
Dungeon (11/15)            Temple (1/1) D:4            Lair (0/6) D:10
    Orc (0/2) D:11          Sewer (visited)

Altars:
Ashenzari
Cheibriados
Dithmenos
Elyvilon
Fedhas
Gozag
Hepliaklqana
Kikubaaqudgha
Makhleb
Nemelex Xobeh
Okawaru
Qazlal
Ru
Sif Muna
Trog
Uskayaw
Vehumet
Wu Jian
Xom
Yredelemnul
Zin
The Shining One
Beogh

Shops:
D:4 *   D:9 (

Annotations:
D:10 exclusion: 2 oklob plants


Innate Abilities, Weirdness & Mutations

You have a pair of horns on your head.
You reflexively headbutt those who attack you in melee.


Message History

You feel like a meek peon again.
Unknown command.
You hit the oklob plant.
The oklob plant is severely damaged.
The oklob plant spits acid at you. The splash of acid hits you! You resist.
The acid corrodes you! The oklob plant spits acid at you.
The splash of acid hits you! You resist. The oklob plant spits acid at you.
The splash of acid misses you.
You hit the oklob plant but do no damage.
The oklob plant is severely damaged.
The oklob plant spits acid at you. The splash of acid hits you. You resist.
The acid corrodes you!
Unknown command.
You hit the oklob plant but do no damage.
You headbutt the oklob plant, but do no damage.
The oklob plant is severely damaged.
The oklob plant spits acid at you. The splash of acid hits you! You resist.
Unknown command.
You slash the oklob plant! You headbutt the oklob plant.
The oklob plant is almost destroyed.
The oklob plant spits acid at you. The splash of acid hits you. You resist.
Unknown command.
You hit the oklob plant but do no damage.
You headbutt the oklob plant.
The oklob plant is almost destroyed.
The oklob plant spits acid at you. The splash of acid hits you! You resist.
The oklob plant spits acid at you. The splash of acid hits you! You resist.
* * * LOW HITPOINT WARNING * * *
The oklob plant spits acid at you. The splash of acid hits you! You resist.
* * * LOW HITPOINT WARNING * * *
The oklob plant spits acid at you. The splash of acid hits you! You resist.
You die...

#####..####...#...≈...#.....)...#
.......# #..#..#...#..#........#
.......# #..#.##.PP##.#........#
#####..####..#...PPPP..#........#
#........#≈..P>...≈#.........
#.....(..#..PP.....#.........
#........#.##P..##.#..#####..
#........#..#...#..#..# #..
#.........#.@.≈...#...# #..
#####............###......#####..
.(...)...........................
.................................
#####........####................
#........# #................
#........# #................
#........# #................
#####........####......).........


You could see 2 oklob plants.

Vanquished Creatures
  2 boulder beetles (D:11)
  Erica (D:7)
  7 two-headed ogres
  An orc knight (D:11)
  A manticore (D:10)
  2 cyclopes
  Joseph (D:7)
  A troll (D:8)
  Grinder (Sewer)
  A hornet (D:10)
  A vampire (D:8)
  A shadow (D:9)
  26 yaks
  3 steam dragons
  8 orc warriors
  A hornet zombie (D:8)
  2 black bears
  4 necrophages
  2 ogres
  The ghost of Gabide the Ducker, an amateur HuMo (D:3)
  The ghost of Gabide the Poker, an amateur HuMo (D:3)
  The ghost of Gabide the Skirmisher, an amateur HuMo (D:3)
  8 centaurs
  The ghost of DildoBatman the Conjurer, an amateur FoCj (D:3)
  4 kobold brigands
  2 wyvern zombies
  5 bullfrogs
  A gnoll sergeant (D:9)
  2 scorpions
  A wyvern skeleton (D:6)
  13 killer bees
  6 wights
  5 howler monkeys
  4 centaur zombies
  2 jellies
  2 hounds
  Crazy Yiuf (D:3)
  A bullfrog skeleton (D:5)
  2 centaur skeletons
  5 gnoll shamans
  5 orc priests
  5 iguanas
  11 orc wizards
  3 killer bee zombies (D:7)
  An ogre zombie (D:5)
  A hound skeleton (D:4)
  2 howler monkey zombies
  9 adders
  31 gnolls
  An orc zombie (D:5)
  A gnoll zombie (D:5)
  4 white imps
  2 ufetubi (Sewer)
  2 adder zombies (Sewer)
  2 worms
  A dart slug (D:11)
  65 orcs
  10 ball pythons
  8 endoplasms
  9 giant cockroaches
  4 hobgoblins
  14 jackals
  A quokka (D:3)
  10 bats
  3 frilled lizards
  10 goblins
  35 kobolds
  A kobold zombie (Sewer)
  8 rats
  2 bushes (D:2)
395 creatures vanquished.

Vanquished Creatures (others)
  11 plants
11 creatures vanquished.

Grand Total: 406 creatures vanquished

Notes
Turn   | Place    | Note
-------+----------+-------------------------------------------
     0 | D:1      | Peloso the Minotaur Fighter began the quest for the Orb.
     0 | D:1      | Reached XP level 1. HP: 19/19 MP: 0/0
   300 | D:1      | Reached XP level 2. HP: 27/27 MP: 1/1
   326 | D:1      | Found a faded altar of an unknown god.
  1390 | D:2      | Reached XP level 3. HP: 22/33 MP: 2/2
  1542 | D:2      | Reached skill level 3 in Long Blades
  1684 | D:2      | Noticed a necrophage
  1694 | D:2      | Killed a necrophage
  1695 | D:2      | Reached skill level 4 in Long Blades
  1695 | D:2      | Reached XP level 4. HP: 27/40 MP: 3/3
  1695 | D:2      | Reached XP level 5. HP: 31/46 MP: 4/4
  2815 | D:3      | Reached skill level 5 in Armour
  2815 | D:3      | Reached skill level 1 in Dodging
  2996 | D:3      | Reached skill level 1 in Stealth
  2996 | D:3      | Reached XP level 6. HP: 45/53 MP: 5/5
  3199 | D:4      | Found Nunutuqo's General Store.
  3648 | D:4      | Reached skill level 5 in Fighting
  3648 | D:4      | Reached skill level 5 in Long Blades
  3721 | D:4      | Reached XP level 7. HP: 51/61 MP: 6/6
  3839 | D:4      | Reached skill level 5 in Shields
  3848 | D:4      | Reached skill level 6 in Long Blades
  4237 | D:4      | Found a staircase to the Ecumenical Temple.
  4247 | Temple   | Entered the Ecumenical Temple
  4714 | D:5      | Entered Level 5 of the Dungeon
  4767 | D:5      | Found a glowing drain.
  4792 | Sewer    | Entered a sewer
  4931 | Sewer    | Reached skill level 7 in Long Blades
  4931 | Sewer    | Reached XP level 8. HP: 59/69 MP: 7/7
  5036 | Sewer    | Found an ancient bone altar of Kikubaaqudgha.
  5038 | Sewer    | Noticed Grinder
  5047 | Sewer    | Killed Grinder
  5425 | D:5      | Found a transporter.
  5449 | D:5      | Reached skill level 8 in Long Blades
  5688 | D:5      | Found a transporter.
  6480 | D:6      | Reached skill level 9 in Long Blades
  6922 | D:6      | Reached XP level 9. HP: 77/77 MP: 8/8
  7310 | D:7      | Noticed Joseph
  7322 | D:7      | Killed Joseph
  7323 | D:7      | Reached skill level 10 in Long Blades
  8581 | D:3      | Found a runed translucent gate.
  8582 | D:3      | Found a runed translucent gate.
  8583 | D:3      | Found a runed translucent gate.
  8584 | D:3      | Noticed Gabide's ghost (amateur HuMo)
  8584 | D:3      | Noticed Gabide's ghost (amateur HuMo)
  8584 | D:3      | Noticed Gabide's ghost (amateur HuMo)
  8585 | D:3      | Noticed DildoBatman's ghost (amateur FoCj)
  8614 | D:3      | Found an iron altar of Okawaru.
  8734 | D:3      | Became a worshipper of Warmaster Okawaru
  8800 | D:3      | Reached skill level 11 in Long Blades
  8829 | D:3      | Identified a scroll of acquirement
  9423 | D:3      | Found a runed translucent door.
  9424 | D:3      | Noticed Crazy Yiuf
  9691 | D:3      | Killed Crazy Yiuf
  9798 | D:3      | Killed Gabide's ghost
  9798 | D:3      | Reached * piety under Okawaru
  9806 | D:3      | Killed Gabide's ghost
  9815 | D:3      | Killed Gabide's ghost
  9824 | D:3      | Killed DildoBatman's ghost
  9842 | D:3      | Identified the +3 hand axe of Evolution {elec, +Blink rCorr
                  | Int-5}
 10071 | D:8      | Noticed Erica
 10074 | D:8      | Noticed a troll
 10080 | D:8      | Noticed a two-headed ogre
 10262 | D:8      | Killed a troll
 10263 | D:8      | Reached skill level 12 in Long Blades
 10263 | D:8      | Reached XP level 10. HP: 82/88 MP: 6/9
 10295 | D:7      | Killed Erica
 10295 | D:7      | Reached ** piety under Okawaru
 10813 | D:8      | Killed a two-headed ogre
 10818 | D:8      | Reached skill level 1 in Evocations
 10822 | D:8      | Reached skill level 1 in Invocations
 10838 | D:8      | Reached *** piety under Okawaru
 11541 | D:8      | Reached **** piety under Okawaru
 11860 | D:8      | Reached skill level 13 in Long Blades
 12282 | D:9      | Found Jaul Ipa's Antique Weapon Shoppe.
 12323 | D:9      | Reached XP level 11. HP: 92/97 MP: 10/10
 12635 | D:9      | Reached ***** piety under Okawaru
 12798 | D:9      | Noticed a two-headed ogre
 12809 | D:9      | Killed a two-headed ogre
 13190 | D:10     | Entered Level 10 of the Dungeon
 13198 | D:10     | Paralysed by a hornet for 3 turns
 13204 | D:10     | Reached skill level 10 in Fighting
 13234 | D:10     | Reached skill level 10 in Armour
 13461 | D:10     | Reached skill level 10 in Shields
 13611 | D:10     | Identified the +3 ring mail of Silly Contentment {Harm
                  | Will- Regen+ Str+5}
 13678 | D:10     | Found a staircase to the Lair.
 13678 | D:10     | Noticed an oklob plant
 13681 | D:10     | Noticed an oklob plant
 14121 | D:10     | Noticed a two-headed ogre
 14127 | D:10     | Killed a two-headed ogre
 14127 | D:10     | Identified the +0 pair of gloves "Xoness Wupu" {Harm Drain
                  | rElec Stlth+} (Okawaru gifted it to you on level 10 of the
                  | Dungeon)
 14127 | D:10     | Received a gift from Okawaru
 14236 | D:10     | Reached skill level 14 in Long Blades
 14448 | D:11     | Noticed a two-headed ogre
 14460 | D:10     | Killed a two-headed ogre
 14611 | D:11     | Noticed an orc knight
 14809 | D:11     | Killed an orc knight
 14824 | D:11     | Reached XP level 12. HP: 85/110 MP: 11/11
 15024 | D:11     | Noticed a two-headed ogre
 15031 | D:11     | Killed a two-headed ogre
 15192 | D:11     | Noticed a two-headed ogre
 15193 | D:11     | Identified the +1 scale mail of Oblocypp {Fly Int+3}
 15195 | D:11     | Noticed a two-headed ogre
 15200 | D:11     | Killed a two-headed ogre
 15205 | D:11     | Killed a two-headed ogre
 15232 | D:11     | Noticed a boulder beetle
 15246 | D:11     | Killed a boulder beetle
 15463 | D:11     | Noticed a boulder beetle
 15484 | D:11     | Killed a boulder beetle
 15732 | D:11     | Found a snail-covered altar of Cheibriados.
 15787 | D:11     | Found a staircase to the Orcish Mines.
 16748 | D:10     | Lost intelligence.
 17330 | D:10     | HP: 5/112 [oklob plant/splash of acid (17)]
 17330 | D:10     | Killed from afar by an oklob plant

Illustrated notes

Levels and vault maps discovered:
D:1:      wander_arrival_desolate, layout_loops_ring,
          ebering_ecumenical_altar_sacrificial
D:2:      layout_loops_corners, serial_forest, infiniplex_forest_lined_2,
          infiniplex_forest_split, infiniplex_forest_clump_tiny,
          infiniplex_forest_lined_2, infiniplex_forest_lined_ring,
          infiniplex_forest_clump_curved, infiniplex_forest_lined_2,
          infiniplex_forest_end_2, infiniplex_forest_lined_3
D:3:      lemuel_castle_with_subvaults [lemuel_castle_interior_carwin_3],
          layout_rooms, marbit_many_paths, gammafunk_ghost_cemetery,
          st_stairs_14, uniq_crazy_yiuf_cottage
D:4:      kennysheep_six_static_rooms, layout_loops_ring,
          minmay_temple_entry_antechambers, serial_shops, shop
D:5:      gammafunk_cloud_chamber, layout_loops_corners,
          cheibrodos_sewer_entry_bend
D:6:      layout_gridville, minmay_crystal_water, grunt_ministairs_14,
          hangedman_decor_clover_reticule
D:7:      layout_loops_ring, uniq_joseph
D:8:      hangedman_cross_stitches, layout_basic, nzn_life_drinkers, uniq_erica
D:9:      layout_roguey, serial_shops, shop, corexii_checkpoint_b,
          minmay_sticks_and_stones
D:10:     layout_small_grid, dpeg_oklobed_lair
D:11:     layout_cave_pools, david_orc_5, kennysheep_slug_shrine
Temple:   kilobyte_greek_temple

Skill      XL: |  1  2  3  4  5  6  7  8  9 10 11 12 |
---------------+-------------------------------------+-----
Fighting       | 4 5 6 7 9 11 | 11.9
Shields        | 4 5 6 7 9 10 11 | 11.3
Armour         | 4 5 6 7 9 10 11 | 11.1
Long Blades    | 4 5 7 9 12 13 14 | 14.8
Dodging        | 1 2 3 |  3.5
Stealth        | 1 2 |  2.0
Evocations     | 1 |  1.6
Invocations    | 1 |  1.6

Action                   |  1- 3 |  4- 6 |  7- 9 | 10-12 || total
-------------------------+-------+-------+-------+-------++-------
Melee: Long sword        |    82 |   167 |   501 |    19 ||   769
       Headbutt          |     8 |    40 |   109 |    98 ||   255
       Scimitar          |       |       |       |   456 ||   456
       Hand axe          |       |       |       |    20 ||    20
Invok: Heroism           |       |       |     1 |    14 ||    15
Evoke: Wand              |       |       |       |     7 ||     7
  Use: Potion            |       |       |     2 |     3 ||     5
       Scroll            |       |       |    13 |     5 ||    18
Armor: Scale mail        |    54 |    47 |    39 |       ||   140
       Chain mail        |       |       |    17 |       ||    17
       Plate armour      |       |       |   136 |   231 ||   367
Dodge: Dodged            |    47 |    60 |   145 |   139 ||   391
Block: Buckler           |    21 |    38 |   256 |   284 ||   599
       Reflection        |       |       |    23 |    23 ||    46
